 Dungeon Sprint DCSS version 0.27.1-1-g398f81649c (webtiles) character file.

Game seed: 9579166624735708043

6044 boopmooplesden the Peltast (level 10, -1/103 HPs)
             Began as a Minotaur Fighter on Sept 15, 2021.
             Was the Champion of the Shining One.
             Engulfed by an ushabti's foul pestilence (9 damage)
             ... in the Dungeon (Sprint V: "Ziggurat Sprint").
             The game lasted 00:05:15 (361 turns).

boopmooplesden the Peltast (Minotaur Fighter)        Turns: 361, Time: 00:05:16

Health: -1/103     AC: 29    Str: 34 (35) XL:     10   Next: 57%
Magic:  8/10       EV:  2    Int:  5      God:    the Shining One [******]
Gold:   0          SH: 41    Dex: 15      Spells: 9/9 levels left

rFire    + . .     SeeInvis .   E - +6 shillelagh "Devastator" {shatter}
rCold    + . .     Faith    .   D - +18 shield of the Gong {rElec rN+ Will+ EV-5}
rNeg     + + +     Spirit   .   k - +5 gold dragon scales
rPois    +         Reflect  .   H - +1 hat
rElec    +         Harm     .   (no cloak)
rCorr    .         Rampage  .   (no gloves)
Will     +....     NoTele   +   J - +2 pair of boots {Fly}
Stlth    ..........             F - amulet of Citut {Regen+ Str+4}
HPRegen  1.27/turn              w - +6 ring of dexterity
MPRegen  0.12/turn              A - +6 ring of strength

@: lethally poisoned (-1 -> -14), divinely shielded, flying, slowed, glowing,
studying Hexes, very slow
A: horns 2, retaliatory headbutt
a: Renounce Religion, Divine Shield, Cleansing Flame, Summon Divine Warrior,
Brand Weapon With Holy Wrath


You were in the Dungeon.
You worshipped the Shining One.
The Shining One was exalted by your worship.
You visited 1 branch

Inventory:

Hand Weapons
 a - a +0 flail
 E - the +6 shillelagh "Devastator" (weapon) {shatter}
   (You found it in the Dungeon)

   It releases a powerful concussive burst when it strikes, dealing extra damage
   to the target and all other foes adjacent to them.
 G - the +8 spear "Biumuj" {flame, Str+2}
   (You found it in the Dungeon)

   It burns those it strikes, dealing additional fire damage.
   Str:       It affects your strength (+2).
Armour
 c - a +0 kite shield
 k - +5 gold dragon scales (worn)
 D - the +18 shield of the Gong (worn) {rElec rN+ Will+ EV-5}
   (You found it in the Dungeon)

   It is deafeningly noisy when blocking attacks.
   EV:        It affects your evasion (-5).
   rElec:     It insulates you from electricity.
   rN:        It protects you from negative energy.
   Will:      It increases your willpower.
 H - a +1 hat (worn)
 J - a +2 pair of boots of flying (worn)
Jewellery
 v - a ring of flight
 w - a +6 ring of dexterity (left hand)
 x - a +6 ring of dexterity
 y - a +6 ring of intelligence
 z - a +6 ring of intelligence
 A - a +6 ring of strength (right hand)
 B - a +6 ring of strength
 F - the amulet of Citut (around neck) {Regen+ Str+4}
   (You found it in the Dungeon)

   [amulet of regeneration]

   Str:       It affects your strength (+4).
   Regen:     It increases your rate of health regeneration.
Wands
 s - a wand of mindburst (7)
 t - a wand of iceblast (7)
 u - a wand of acid (7)
Scrolls
 j - 4 scrolls of blinking
 n - 4 scrolls of amnesia
 o - 7 scrolls of fog
 p - a scroll of holy word
 q - 5 scrolls of identify
 r - 2 scrolls of fear
 I - 2 scrolls of brand weapon
Potions
 b - 2 potions of brilliance
 d - 6 potions of might
 e - 10 potions of curing
 f - 11 potions of heal wounds
 g - 6 potions of haste
 h - 7 potions of magic
 i - 3 potions of berserk rage
 l - 4 potions of resistance
 m - a potion of experience
Miscellaneous
 C - a lightning rod (4/4)
 K - a box of beasts


   Skills:
 + Level 14.0 Fighting
 + Level 13.2 Maces & Flails
 + Level 13.9 Armour
 + Level 17.7 Shields
 + Level 2.6 Invocations


You had 9 spell levels left.
You didn't know any spells.
Your spell library contained the following spells:

 Spells                   Type           Power      Damage    Failure   Level
 Static Discharge         Conj/Air       0%         N/A       100%        2
 Confusing Touch          Hex            0%         N/A       100%        3
 Summon Guardian Golem    Hex/Summ       0%         N/A       100%        3
 Dispel Undead            Necr           0%         3d6       100%        4
 Fulminant Prism          Conj/Hex       0%         3d6       100%        4
 Sticky Flame             Conj/Fire      0%         2d3       100%        4
 Invisibility             Hex            0%         N/A       100%        6
 Orb of Destruction       Conj           0%         N/A       100%        7
 Spellforged Servitor     Conj/Summ      0%         N/A       100%        7


Dungeon Overview and Level Annotations

Branches:
Dungeon (1/1)

Altars:
Ashenzari
Cheibriados
Dithmenos
Elyvilon
Fedhas
Gozag
Hepliaklqana
Kikubaaqudgha
Makhleb
Nemelex Xobeh
Okawaru
Qazlal
Ru
Sif Muna
Trog
Uskayaw
Vehumet
Wu Jian
Xom
Yredelemnul
Zin
The Shining One
Beogh
Jiyva
Lugonu

Annotations:
D 1 transporter


Innate Abilities, Weirdness & Mutations

You have a pair of horns on your head.
You reflexively headbutt those who attack you in melee.


Message History

The royal mummy casts a spell.
You block the death scarab's attack.
BONNNG!
You block the death scarab's attack.
GONNNNG!
The guardian mummy barely misses you.
The ushabti shakes and rattles.
The vile air hits you but does no damage.
The vile air hits the death scarab.
The vile air hits the death scarab but does no damage.
The death scarab bites you but does no damage.
The mummy priest prays to its god.
The mummy hits you.
* * * LOW HITPOINT WARNING * * *
You fail to use your ability.
You are engulfed in dark miasma.
* * * LOW HITPOINT WARNING * * *
You feel sick.
The death scarab disappears in a puff of smoke!
You block the death scarab's attack.
GONNNNG!
You block the death scarab's attack.
PTOANNNG!
You block the death scarab's attack.
GONNNNG!
You block the death scarab's attack.
PANG!
The royal mummy hits you but does no damage.
The guardian mummy hits you!! The Shining One protects you from harm!
You block the ushabti's attack.
BONNNG!
The death scarab bites you but does no damage. x2
The mummy priest hits you!
* * * LOW HITPOINT WARNING * * *
The royal mummy gestures wildly while chanting.
Unknown command.
You fail to use your ability.
You are engulfed in dark miasma.
You are lethally poisoned!
You feel as though you will be slow longer.
You die...

▓...©....▓...©.)).▓
▓▓▓▓▓▓▓▓▓▓▓▓▓▓▓▓▓▓▓
▓...8©8...▓..8©8..▓
▓..[[)[...▓..|....▓
▓...=}[...▓...)|..▓
▓.........▓.......▓
▓...ZB.Zs.▓.......▓
▓...8MMz..▓.))....▓
▓...M@MBs.▓.).....▓
▓.▓BBBB.▓.▓.▓..)▓.▓
▓...B©B°..▓...©...▓
▓▓▓▓▓▓▓▓▓▓▓▓▓▓▓▓▓▓▓
▓..8©8..▓ ▓..|)...▓
▓...)...▓ ▓.......▓
▓.......▓


You could see a royal mummy, 2 emperor scorpions, a mummy priest, a guardian
mummy, an ushabti, 8 death scarabs, a flying skull (summoned), a mummy, a giant
cockroach zombie (summoned) and a jackal skeleton (summoned).

Vanquished Creatures
  2 dancing weapons (D)
  A deep elf knight (D)
  A deep elf archer (D)
  A deep elf zephyrmancer (D)
  5 deep elf pyromancers (D)
  A guardian mummy (D)
  A tarantella (D)
  An ushabti (D)
  A fire elemental (D)
  A golden eye (D)
  A hell hound (D)
  A phantom (D)
  3 scorpions (D)
  A wight (D)
  A crimson imp (D)
  A jelly (D)
  2 orc wizards (D)
  An adder zombie (D)
  2 orcs (D)
  A bat skeleton (D)
  A bat zombie (D)
  A ball python zombie (D)
  A giant cockroach zombie (D)
32 creatures vanquished.

Notes
Turn   | Place    | Note
-------+----------+-------------------------------------------
     0 | D        | boopmooplesden the Minotaur Fighter began the quest for the
                  | Orb.
     0 | D        | Reached XP level 1. HP: 19/19 MP: 0/0
     5 | D        | Became a worshipper of the Shining One
    22 | D        | Found a blossoming altar of Fedhas.
    22 | D        | Found the +6 Majin-Bo {vamp, MP+6 Int+6}
    22 | D        | Found the +9 heavy crossbow "Sniper" {vorpal, Acc+∞ SInv}
    22 | D        | Found the +10 dark maul {vorpal}
    22 | D        | Found the +15 Maxwell's patent armour {-Cast -Tele rElec
                  | Will+ rCorr}
    22 | D        | Found the +18 shield of the Gong {rElec rN+ Will+ EV-5}
    22 | D        | Found the +14 obsidian axe {vorpal, Drain Fly SInv}
    22 | D        | Found the +7 great mace "Firestarter" {inner flame, rF++}
    22 | D        | Found the +6 shillelagh "Devastator" {shatter}
    22 | D        | Found the +11 plutonium sword {Contam Stlth-}
    22 | D        | Found the +8 lance "Wyrmbane" {slay drac, rPois rF+ rC+
                  | AC+3}
    22 | D        | Found the +9 sword of Zonguldrok {reap}
    22 | D        | Found the +13 scythe of Curses {drain, Drain}
    22 | D        | Found the +5 sword of Power {vorpal}
    22 | D        | Found the +7 mace of Variability {chain chaos}
    22 | D        | Found the +7 Singing Sword {vorpal, sonic wave}
    22 | D        | Found the +8 storm bow {elec, penet}
    24 | D        | Found a shimmering blue altar of Sif Muna.
    24 | D        | Found a sacrificial altar of Ru.
    24 | D        | Found a bloodstained altar of Trog.
    24 | D        | Found a stormy altar of Qazlal.
    24 | D        | Found an iron altar of Okawaru.
    24 | D        | Found a sparkling altar of Nemelex Xobeh.
    26 | D        | Found a transporter.
    26 | D        | Found an ancient bone altar of Kikubaaqudgha.
    26 | D        | Found a viscous altar of Jiyva.
    26 | D        | Found a corrupted altar of Lugonu.
    26 | D        | Found a hazy altar of Hepliaklqana.
    26 | D        | Found a burning altar of Makhleb.
    26 | D        | Found an opulent altar of Gozag.
    62 | D        | Entered arena 2.
    62 | D        | Noticed a jelly
    62 | D        | Noticed a golden eye
    62 | D        | Found a transporter.
    69 | D        | Killed a jelly
    70 | D        | Reached skill level 5 in Fighting
    70 | D        | Reached skill level 5 in Armour
    70 | D        | Reached skill level 5 in Shields
    70 | D        | Reached XP level 2. HP: 29/29 MP: 1/1
    74 | D        | Killed a golden eye
    75 | D        | Reached skill level 7 in Shields
    75 | D        | Reached XP level 3. HP: 40/40 MP: 2/2
    75 | D        | Reached XP level 4. HP: 48/48 MP: 3/3
    75 | D        | Reached XP level 5. HP: 53/53 MP: 4/4
   106 | D        | Entered arena 3.
   106 | D        | Reached * piety under the Shining One
   106 | D        | Noticed a hell hound
   106 | D        | Reached ** piety under the Shining One
   106 | D        | Found a transporter.
   111 | D        | Killed a hell hound
   112 | D        | Reached skill level 5 in Maces & Flails
   112 | D        | Reached skill level 9 in Shields
   112 | D        | Reached XP level 6. HP: 59/62 MP: 5/5
   121 | D        | Entered arena 4.
   121 | D        | Reached *** piety under the Shining One
   121 | D        | Found a transporter.
   128 | D        | Got the amulet of Citut {Regen+ Str+4}
   138 | D        | Entered arena 5.
   138 | D        | Noticed a tarantella
   138 | D        | Found a transporter.
   142 | D        | Killed a tarantella
   143 | D        | Reached skill level 10 in Fighting
   143 | D        | Reached skill level 10 in Armour
   143 | D        | Reached skill level 10 in Shields
   143 | D        | Reached XP level 7. HP: 73/73 MP: 6/6
   144 | D        | Reached skill level 11 in Shields
   148 | D        | Got the +8 spear "Biumuj" {flame, Str+2}
   152 | D        | Got the Catalogue of the Apothecary
   154 | D        | Entered arena 6.
   154 | D        | Noticed a deep elf pyromancer
   154 | D        | Reached **** piety under the Shining One
   154 | D        | Noticed a deep elf zephyrmancer
   154 | D        | Noticed a +0 vorpal scimitar
   154 | D        | Noticed a deep elf archer
   154 | D        | Noticed a deep elf pyromancer
   154 | D        | Found a transporter.
   155 | D        | Noticed a fire elemental
   155 | D        | Noticed a fire elemental
   158 | D        | Killed a deep elf pyromancer
   159 | D        | Reached XP level 8. HP: 67/82 MP: 3/7
   172 | D        | Killed a deep elf zephyrmancer
   172 | D        | Killed a deep elf archer
   173 | D        | Reached skill level 10 in Maces & Flails
   173 | D        | Reached skill level 13 in Shields
   175 | D        | Killed a +0 vorpal scimitar
   176 | D        | Reached skill level 14 in Shields
   176 | D        | Reached skill level 1 in Invocations
   176 | D        | Reached XP level 9. HP: 9/92 MP: 5/8
   182 | D        | Killed a deep elf pyromancer
   183 | D        | Reached skill level 15 in Shields
   226 | D        | Entered arena 7.
   226 | D        | Noticed a deep elf pyromancer
   226 | D        | Noticed a deep elf knight
   226 | D        | Reached ***** piety under the Shining One
   226 | D        | Noticed a deep elf pyromancer
   226 | D        | Noticed a +4 antimagic glaive
   226 | D        | Noticed a deep elf pyromancer
   227 | D        | Found a transporter.
   232 | D        | Killed a deep elf pyromancer
   237 | D        | Killed a deep elf pyromancer
   238 | D        | Reached skill level 16 in Shields
   238 | D        | Reached XP level 10. HP: 53/101 MP: 0/10
   240 | D        | Killed a deep elf knight
   241 | D        | Killed a deep elf pyromancer
   242 | D        | Reached skill level 17 in Shields
   248 | D        | Killed a +4 antimagic glaive
   327 | D        | Entered arena 8.
   327 | D        | Reached ****** piety under the Shining One
   328 | D        | Found a transporter.
   348 | D        | Entered arena 9.
   348 | D        | Noticed a royal mummy
   348 | D        | Noticed a mummy priest
   349 | D        | Found a transporter.
   351 | D        | Noticed a death scarab
   351 | D        | Noticed a death scarab
   354 | D        | Noticed a death scarab
   355 | D        | HP: 2/103 [mummy priest (5)]
   358 | D        | Noticed a death scarab
   358 | D        | Noticed a death scarab
   359 | D        | Noticed a death scarab
   360 | D        | Noticed a death scarab
   360 | D        | Noticed a death scarab
   360 | D        | Noticed a death scarab
   360 | D        | The Shining One protects you from harm!
   361 | D        | Noticed an emperor scorpion
   361 | D        | Noticed an emperor scorpion
   361 | D        | Engulfed by an ushabti's foul pestilence

Illustrated notes

Levels and vault maps discovered:
D:        sprint_v [room_start, room_1, room_2, room_3, room_4, room_5, room_6,
          room_7, room_8, room_9, room_10, room_11, room_12, room_13, room_14,
          room_15, room_16, room_17, room_18, room_19, room_20, room_21,
          room_22, room_23, room_24, room_25, room_26, room_27]

Skill      XL: |  1  2  3  4  5  6  7  8  9 10 |
---------------+-------------------------------+-----
Fighting       | 5 7 8 10 11 12 13 14 | 14.0
Maces & Flails | 3 4 5 7 8 11 12 13 | 13.2
Armour         | 5 7 9 10 11 12 13 | 13.9
Shields        | 5 7 9 10 11 14 16 17 | 17.7
Invocations    | 1 2 |  2.6

Action                   |  1- 3 |  4- 6 |  7- 9 | 10-12 || total
-------------------------+-------+-------+-------+-------++-------
Melee: Shillelagh        |     5 |    10 |    30 |    19 ||    64
       Headbutt          |       |     2 |     4 |     5 ||    11
Invok: Divine Shield     |       |       |     2 |     1 ||     3
  Use: Potion            |       |       |     1 |     2 ||     3
Armor: Gold dragon scale |     4 |     3 |    14 |    20 ||    41
Dodge: Dodged            |       |       |       |     2 ||     2
Block: Kite shield       |     2 |    16 |    73 |    43 ||   134
